 Dungeon Crawl Stone Soup version 0.22-a0-469-gf26638a (webtiles) character file.

66 CougarLife the Poker (level 3, -6/27 HPs)
             Began as a Demonspawn Gladiator on June 12, 2018.
             Mangled by an ogre
             ... wielding a +0 giant spiked club
              (26 damage)
             ... on level 2 of the Dungeon.
             The game lasted 00:01:33 (883 turns).

CougarLife the Poker (Demonspawn Gladiator)          Turns: 883, Time: 00:01:34

Health: -6/27      AC:  4    Str: 15    XL:     3   Next: 96%
Magic:  3/3        EV: 10    Int:  9    God:
Gold:   118        SH:  7    Dex: 14    Spells: 2/2 levels left

rFire    . . .     SeeInvis .   a - +0 trident
rCold    . . .     Gourm    .   m - +0 shield
rNeg     . . .     Faith    .   b - +0 leather armour
rPois    .         Spirit   .   c - +0 helmet
rElec    .         Reflect  .   (no cloak)
rCorr    .         Harm     .   (no gloves)
MR       .....                  (no boots)
Stlth    +.........             (no amulet)
HPRegen  0.09/turn              (no ring)
MPRegen  0.08/turn              (no ring)

@: hasted, very quick
A: talons 1
a: no special abilities


You were on level 2 of the Dungeon.
You were not hungry.

You visited 1 branch of the dungeon, and saw 2 of its levels.

You collected 118 gold pieces.

Inventory:

Hand Weapons
 a - a +0 trident (weapon)
Missiles
 d - 3 throwing nets (quivered)
Armour
 b - a +0 leather armour (worn)
 c - a +0 helmet (worn)
 m - a +0 shield (worn)
Jewellery
 h - an uncursed amulet of magic regeneration {unknown}
Scrolls
 e - a scroll of enchant weapon {unknown}
 i - 2 scrolls of identify {unknown}
 j - a scroll of fog {unknown}
 l - a scroll of enchant armour {unknown}
Potions
 k - 3 potions of haste
 n - a potion of brilliance {unknown}
Comestibles
 f - 4 rations
 g - 8 chunks of flesh


   Skills:
 + Level 2.2 Fighting
 - Level 4.0 Polearms
 - Level 1.7 Throwing
 - Level 3.1 Dodging


You had 2 spell levels left.
You didn't know any spells.
Your spell library was empty.

Dungeon Overview and Level Annotations

Branches:
Dungeon (2/15)

Altars:


Innate Abilities, Weirdness & Mutations

You have sharp toenails.


Message History

You block the bat's attack.
Found 14 bolts.
Your shield prevents you from hitting the bat.
The ogre shouts!
The bat hits you but does no damage. The bat closely misses you.
You block the bat's attack.
Your shield prevents you from hitting the bat.
The bat closely misses you.
You hit the bat but do no damage. You block the bat's attack. The bat hits you.
You puncture the ogre! You claw the ogre, but do no damage.
The ogre is moderately wounded.
The bat hits you but does no damage. You block the bat's attack.
You block the ogre's attack. The bat barely misses you.
You puncture the ogre!
The ogre is heavily wounded.
The bat hits you but does no damage. You block the ogre's attack.
It was a potion of haste.
You feel yourself speed up.
The ogre hits you with a giant spiked club!!
Ouch! That really hurt!
You die...

#..........# #.# #.#
##.###.# .###.##
###...##.### #.....#
#.).#......# .###..#
#.#...##.#.#
..##..####.##.###.#
...........##.# #.#
..#...#######.###.#.##
...#..##.......b@.<..#
.รท###....####.###O#.(#
...#..........# .....#
###).#######..# ....>#
#......... .........
#.######## ......##.
#.# #......# ##.##
##(.# ##.#.##


You could see an ogre and a bat.

Vanquished Creatures
  An adder (D:2)
  An ooze (D:1)
  A worm (D:2)
  2 leopard geckos (D:1)
  7 bats
  A giant cockroach (D:1)
  9 goblins
  6 hobgoblins
  4 kobolds (D:1)
  A ball python (D:2)
  6 frilled lizards (D:1)
  8 rats
47 creatures vanquished.

Notes
Turn   | Place    | Note
-------+----------+-------------------------------------------
     0 | D:1      | CougarLife the Demonspawn Gladiator began the quest for the Orb.
     0 | D:1      | Reached XP level 1. HP: 16/16 MP: 1/1
    45 | D:1      | Gained mutation: You have sharp toenails. [demonic ancestry]
    45 | D:1      | Reached XP level 2. HP: 21/22 MP: 2/2
    78 | D:1      | Reached skill level 3 in Polearms
   232 | D:1      | Reached XP level 3. HP: 20/27 MP: 3/3
   812 | D:2      | Reached skill level 4 in Polearms
   876 | D:2      | Noticed an ogre
   883 | D:2      | Mangled by an ogre

Vault maps used:
D:1:      minmay_arrival_diagonal_passages

Skill      XL: |  1  2  3 |
---------------+----------+-----
Dodging        | 3 |  3.1
Polearms       | 3 4 |  4.0
Fighting       | |  2.2
Throwing       | |  1.7

Action                   || total
-------------------------++-------
Melee: Trident           ||   125
       Kick              ||    19
  Use: Potion            ||     1
 Stab: Sleeping          ||     1
Armor: Leather armour    ||    28
Dodge: Dodged            ||    70
Block: Shield            ||    19

Table legend:
 A = Spawn XP
 B = Non-spawn XP
 C = Spawn XP percentage of total XP
 D = Spawn monster count
 E = Non-spawn monster count
 F = Spawn count percentage of total count
 G = Total turns spent on level
                    A         B        C        D         E        F      G
               +---------+---------+-------+---------+---------+-------+---------
         Total |       0 |      95 |   0.0 |       0 |      47 |   0.0 |   883
               +---------+---------+-------+---------+---------+-------+---------
           D:1 |       0 |      61 |   0.0 |       0 |      34 |   0.0 |   594
           D:2 |       0 |      34 |   0.0 |       0 |      13 |   0.0 |   289
               +---------+---------+-------+---------+---------+-------+---------
